 Dungeon Crawl Stone Soup version 0.17.0-24-gcfadda4 (webtiles) character file.

35409 septik the Unseen (level 13, -4/69 (70) HPs)
             Began as a Spriggan Enchanter on Nov 15, 2015.
             Was an Elder of Ashenzari.
             Slain by a seven-headed hydra (15 damage)
             ... on level 5 of the Lair of Beasts.
             The game lasted 01:34:51 (20633 turns).

septik the Unseen (Spriggan Enchanter)             Turns: 20633, Time: 01:34:52

HP:   -4/69 (70)    AC:  3    Str:  4    XL:     13   Next: 47%
MP:   12/24         EV: 36    Int: 17    God:    Ashenzari [****..]
Gold: 636           SH:  0    Dex: 21    Spells: 4 memorised, 18 levels left

rFire  . . .     SeeInvis +     Y - +0 dagger (curse)
rCold  . . .     Clarity  +     W - +0 animal skin (curse)
rNeg   . . .     SustAt   .     (shield restricted)
rPois  .         Gourm    .     (helmet restricted)
rElec  .         Spirit   .     Z - +0 cloak (curse)
rCorr  .         Warding  .     (gloves unavailable)
rMut   .         Stasis   .     (boots unavailable)
MR     ++...                    (no amulet)
Stlth  +++++++++.               (no ring)
                                (no ring)

@: very quick, very resistant to hostile enchantments, incredibly stealthy
A: unfitting armour, see invisible, herbivore 3, speed 3, slow metabolism 2
a: Scrying, Renounce Religion


You were on level 5 of the Lair of Beasts.
You worshipped Ashenzari.
Ashenzari was greatly pleased with you.
You were not hungry.

You visited 3 branches of the dungeon, and saw 17 of its levels.
You also visited: Labyrinth and Sewer.

You collected 852 gold pieces.
You spent 216 gold pieces at shops.

Inventory:

Hand Weapons
 G - a +4 whip of electrocution
 Y - a cursed +0 dagger (weapon)
Missiles
 k - 15 steel sling bullets
 I - 3 throwing nets
 J - 341 stones (quivered)
Armour
 W - a cursed +0 animal skin (worn)
 Z - a cursed +0 cloak (worn)
Magical Staves
 q - an uncursed staff of power
Jewellery
 s - a cursed ring of teleportation
 v - an uncursed ring of stealth
 B - an uncursed ring of protection from fire
 P - an uncursed ring of stealth
Wands
 c - a wand of disintegration (9)
 h - a wand of confusion (19)
Scrolls
 b - 2 scrolls of identify
 i - a scroll of fog {unknown}
 o - 2 scrolls of amnesia
 r - 9 scrolls of teleportation
 C - a scroll of blinking
 E - 3 scrolls of magic mapping
 F - 4 scrolls of remove curse
Potions
 a - 2 potions of resistance
 e - 2 potions of cancellation
 f - a potion of magic {unknown}
 g - 2 potions of agility
 j - 9 potions of curing
 m - 2 potions of invisibility
 p - 7 potions of haste
 z - 2 potions of might
 D - 6 potions of heal wounds
 X - a potion of flight {unknown}
Comestibles
 d - 17 bread rations
 w - a royal jelly
 A - 2 fruits
 M - 5 slices of pizza


   Skills:
 + Level 8.9 Fighting
 - Level 8.1(11.5) Short Blades
 - Level 16.1(18.0) Dodging
 * Level 18.3(20.0) Stealth
 - Level 7.0 Spellcasting
 - Level 10.2 Hexes


You had 18 spell levels left.
You knew the following spells:

 Your Spells              Type           Power        Failure   Level  Hunger
a - Corona                Hex            #####..      1%          1    None
b - Ensorcelled Hibernat  Hex/Ice        ###...       2%          2    None
c - Confuse               Hex            #####...     1%          3    ##.....
d - Blink                 Tloc           N/A          21%         2    None


Dungeon Overview and Level Annotations

Branches:
Dungeon (11/15)            Temple (1/1) D:7            Lair (5/8) D:11
 Shoals (0/4) Lair:3          Orc (0/4) D:10
  Snake: Lair:3-6    Spider: Lair:3-6

Altars:
Ashenzari
Cheibriados
Dithmenos
Elyvilon
Fedhas
Gozag
Kikubaaqudgha
Makhleb
Nemelex Xobeh
Okawaru
Qazlal
Ru
Sif Muna
Trog
Vehumet
Xom
Yredelemnul
Zin
The Shining One
Beogh

Shops:
D:5 }   D:6 *[!*[   D:8 [   D:10 ([

Annotations:
D:8 Gastronok


Innate Abilities, Weirdness & Mutations

You are tiny and cannot use many weapons and most armour.
You have supernaturally acute eyesight.
You are a herbivore.
You cover ground extremely quickly.
You need consume almost no food.


Message History

The seven-headed hydra completely misses you. x2
The seven-headed hydra bites you! x2
You see here 18 bolts.
Casting: Ensorcelled Hibernation
Confirm with . or Enter, or press ? or * to list all spells.
Aiming: Ensorcelled Hibernation
Press: ? - help, Shift-Dir - straight line, f - seven-headed hydra
Aim: a seven-headed hydra (chance to defeat MR: 20%)
The seven-headed hydra resists with almost no effort.
You start resting.
You start resting.
You start resting.
The seven-headed hydra roars!
You hit the seven-headed hydra.
The seven-headed hydra is lightly wounded.
The seven-headed hydra misses you. The seven-headed hydra bites you.
The seven-headed hydra bites you!
* * * LOW HITPOINT WARNING * * *
The seven-headed hydra misses you. The seven-headed hydra bites you!
You die...

.###..^.###.......PP...DP.#.####.
..##...###.......P......######P..
...###.#.÷........P....## #....
....####..............## ##..#
.....##†............### ##P..
...###.##..........## #P...
....#..###...P.....# #P...
.###.†..##.........# #...#
.....Y.........D@..# ##D##
................P.## #..#
##......P..........## #..##
##......#...........## ##..#
#.###P(..#...........# #######.##
.#####........†.....####..##P..#
.###....÷.............###......##
.....F...............##.........P
..........................[......


You could see a seven-headed hydra.

Vanquished Creatures
  A minotaur (Lab)
  5 hydras
  Harold (Lair:2)
  Erica (D:8)
  4 death yaks (Lair:4)
  An unseen horror (Lab)
  3 hill giants
  Pikel (D:4)
  A necromancer (Lair:3)
  An ugly thing (D:11)
  A salamander (shapeshifter) (D:10)
  An orc knight (D:10)
  10 elephants
  2 griffons
  4 black mambas
  8 spiny frogs
  2 fire drakes
  A troll (D:11)
  7 komodo dragons
  3 slime creatures (D:10)
  Sigmund (D:5)
  9 yaks
  A wraith (D:11)
  A human (D:7)
  Grum (D:9)
  A basilisk (Lair:1)
  5 hippogriffs
  3 hungry ghosts
  12 wolves
  9 water moccasins
  5 orc warriors
  4 slaves (D:4)
  Duvessa (D:5)
  2 black bears
  7 ogres
  3 phantoms
  2 porcupines
  An ice beast (D:11)
  3 sky beasts
  3 crocodiles
  5 necrophages (Lair:2)
  2 centaurs
  2 big kobolds
  12 giant frogs
  A gnoll sergeant (D:10)
  Dowan (D:5)
  A wyvern skeleton (D:10)
  6 killer bees (D:11)
  4 scorpions
  13 wights
  A centaur zombie (D:11)
  3 jellies
  A centaur skeleton (D:6)
  5 crimson imps
  8 orc priests
  A hound (D:11)
  9 iguanas
  2 giant frog skeletons
  A polar bear simulacrum (Lair:3)
  11 orc wizards
  7 worker ants
  2 yak simulacra (Lair:3)
  10 sheep
  3 wolf simulacra (Lair:3)
  A hound zombie (D:9)
  A worker ant zombie (D:10)
  20 adders
  12 gnolls
  A white imp (D:7)
  9 river rats
  A shadow imp (D:7)
  2 adder skeletons
  2 worms
  56 orcs
  5 giant cockroaches
  9 goblins
  19 hobgoblins
  19 jackals
  19 kobolds
  6 quokkas
  5 ball pythons (Sewer)
  11 bats
  8 giant geckos
  A giant gecko zombie (D:8)
  8 giant newts
  A quokka skeleton (D:9)
  9 rats
  4 river rat simulacra (Lair:3)
  A plant (Lair:4)
473 creatures vanquished.

Vanquished Creatures (others)
  6 fungi
  9 plants
15 creatures vanquished.

Grand Total: 488 creatures vanquished

Notes
Turn   | Place    | Note
--------------------------------------------------------------
     0 | D:1      | septik the Spriggan Enchanter began the quest for the Orb.
     0 | D:1      | Reached XP level 1. HP: 9/9 MP: 5/5
   229 | D:1      | Reached XP level 2. HP: 13/13 MP: 6/6
   701 | D:1      | Learned a level 2 spell: Ensorcelled Hibernation
   784 | D:1      | Reached skill level 5 in Stealth
   979 | D:1      | Reached XP level 3. HP: 7/16 MP: 5/8
  1239 | D:2      | Reached skill level 6 in Stealth
  1861 | D:3      | Reached XP level 4. HP: 21/21 MP: 9/9
  1970 | D:3      | Reached skill level 7 in Stealth
  2214 | D:3      | HP: 1/21 [orc priest/divine providence (17)]
  2750 | D:3      | Reached XP level 5. HP: 16/24 MP: 5/10
  3072 | D:3      | Reached skill level 8 in Stealth
  3372 | D:4      | Reached XP level 6. HP: 22/28 MP: 1/11
  3529 | D:4      | Reached skill level 5 in Short Blades
  4139 | D:4      | Reached skill level 5 in Hexes
  4251 | D:4      | Reached XP level 7. HP: 32/32 MP: 2/13
  4776 | D:4      | Noticed a slave
  4792 | D:4      | Noticed Pikel
  4792 | D:4      | Noticed a slave
  4792 | D:4      | Noticed a slave
  4792 | D:4      | Noticed a slave
  4796 | D:4      | Killed a slave
  4859 | D:4      | Killed a slave
  4931 | D:4      | Killed a slave
  4938 | D:4      | Killed a slave
  5024 | D:4      | Killed Pikel
  5024 | D:4      | Reached XP level 8. HP: 36/36 MP: 1/15
  5089 | D:5      | Entered Level 5 of the Dungeon
  5089 | D:5      | Found Ogioq's Gadget Boutique.
  5096 | D:5      | Reached skill level 1 in Fighting
  5373 | D:5      | Noticed Sigmund
  5535 | D:5      | Found a snail-covered altar of Cheibriados.
  5535 | D:5      | Found a sacrificial altar of Ru.
  5701 | D:5      | Killed Sigmund
  5701 | D:5      | Reached skill level 5 in Dodging
  5915 | D:5      | Noticed Dowan
  5919 | D:5      | Noticed Duvessa
  5979 | D:5      | Killed Duvessa
  6106 | D:5      | Killed Dowan
  6212 | D:6      | Found a runed door.
  6272 | D:6      | Found Wolam's General Store.
  6289 | D:6      | Found Japikeg's Antique Armour Boutique.
  6295 | D:6      | Bought a runed cloak for 108 gold pieces
  6314 | D:6      | Found a glowing drain.
  6393 | Sewer    | Entered a sewer
  6747 | D:6      | Found Misol's Distillery.
  7067 | D:6      | Reached XP level 9. HP: 44/44 MP: 16/16
  7131 | D:6      | Found Gaiphar's Assorted Antiques.
  7139 | D:6      | Bought a glowing dagger for 52 gold pieces
  7267 | D:6      | Found Lituasoe's Armour Shop.
  7310 | D:6      | Reached skill level 9 in Stealth
  7968 | D:6      | Reached skill level 10 in Stealth
  8341 | D:6      | Found a roughly hewn altar of Beogh.
  8589 | D:7      | Found a staircase to the Ecumenical Temple.
  8598 | Temple   | Entered the Ecumenical Temple
  8706 | Temple   | Became a worshipper of Ashenzari the Shackled
  8969 | D:7      | Reached skill level 5 in Spellcasting
  9269 | D:7      | Found a stormy altar of Qazlal.
  9270 | D:7      | Reached skill level 11 in Stealth
  9320 | D:7      | Found a blossoming altar of Fedhas.
  9614 | D:8      | Noticed a griffon
  9662 | D:8      | Killed a griffon
  9662 | D:8      | Reached XP level 10. HP: 49/49 MP: 6/21
  9677 | D:8      | Noticed Grum
  9812 | D:8      | Reached skill level 12 in Stealth
  9827 | D:8      | Noticed Gastronok
 10514 | D:8      | Noticed Erica
 10547 | D:8      | Killed Erica
 10611 | D:8      | Reached skill level 5 in Fighting
 11337 | D:8      | Reached * piety under Ashenzari
 11341 | D:8      | Found Qego's Antique Armour Shoppe.
 11351 | D:8      | Bought a glowing robe for 18 gold pieces
 11377 | D:8      | Learned a level 3 spell: Confuse
 11411 | D:8      | Noticed a hill giant
 11425 | D:8      | Killed a hill giant
 12225 | D:9      | Killed Grum
 12542 | D:9      | Found a deep blue altar of Sif Muna.
 12552 | D:9      | Found a shadowy altar of Dithmenos.
 12554 | D:9      | Found a sparkling altar of Nemelex Xobeh.
 12636 | D:10     | Entered Level 10 of the Dungeon
 12788 | D:10     | Reached XP level 11. HP: 46/58 MP: 4/22
 12919 | D:10     | Noticed a hill giant
 12930 | D:10     | Killed a hill giant
 13191 | D:10     | Found Comi Ufa's Armour Shoppe.
 13191 | D:10     | Found a staircase to the Orcish Mines.
 13191 | D:10     | Noticed an orc knight
 13194 | D:10     | Found Melun's Weapon Shoppe.
 13221 | D:10     | Killed an orc knight
 13221 | D:10     | Reached skill level 10 in Hexes
 13245 | D:10     | Bought a cursed +0 cloak for 38 gold pieces
 13428 | D:10     | Noticed a salamander
 13440 | D:10     | Killed a salamander
 13801 | D:11     | Reached ** piety under Ashenzari
 13875 | D:11     | Reached skill level 10 in Dodging
 14237 | D:11     | Noticed a hill giant
 14250 | D:11     | Killed a hill giant
 14359 | D:11     | Found a staircase to the Lair.
 14563 | D:11     | Noticed an eight-headed hydra
 14570 | D:11     | Killed an eight-headed hydra
 14874 | Lair:1   | Entered Level 1 of the Lair of Beasts
 14881 | Lair:1   | Reached skill level 13 in Dodging
 15051 | Lair:2   | Found a labyrinth entrance.
 15068 | Lab      | Entered a labyrinth
 15170 | Lab      | Noticed an unseen horror
 15172 | Lab      | Killed an unseen horror
 15221 | Lab      | Noticed a minotaur
 15243 | Lab      | Killed a minotaur
 15243 | Lab      | Reached skill level 14 in Dodging
 15243 | Lab      | Reached XP level 12. HP: 61/63 MP: 12/23
 15308 | Lair:2   | Noticed Harold
 15315 | Lair:2   | Killed Harold
 15433 | Lair:2   | Reached skill level 15 in Dodging
 15607 | Lair:2   | Reached *** piety under Ashenzari
 16199 | Lair:3   | Found a staircase to the Shoals.
 16201 | Lair:3   | Noticed an eight-headed hydra
 16212 | Lair:3   | Killed an eight-headed hydra
 16212 | Lair:3   | Reached skill level 16 in Dodging
 16443 | Lair:3   | Noticed a six-headed hydra
 17555 | Lair:3   | Killed a six-headed hydra
 17676 | Lair:3   | Noticed a five-headed hydra
 17701 | Lair:3   | Killed a five-headed hydra
 17701 | Lair:3   | Reached skill level 15 in Stealth
 17756 | Lair:2   | Learned a level 2 spell: Blink
 18039 | Lair:4   | Reached **** piety under Ashenzari
 18414 | Lair:4   | Reached XP level 13. HP: 67/67 MP: 1/24
 19432 | Lair:4   | Reached skill level 17 in Stealth
 20326 | Lair:5   | Reached skill level 18 in Stealth
 20633 | Lair:5   | Slain by a seven-headed hydra

Action                   |  1- 3 |  4- 6 |  7- 9 | 10-12 | 13-15 || total
-------------------------+-------+-------+-------+-------+-------++-------
Melee: Dagger            |    82 |   201 |   500 |   291 |   329 ||  1403
       Short sword       |       |       |       |   380 |       ||   380
 Cast: Ensorcelled Hiber |    10 |    69 |   121 |   208 |    73 ||   481
       Confuse           |       |       |       |    51 |    34 ||    85
  Use: Scroll            |     3 |     3 |       |    19 |       ||    25
 Stab: Sleeping          |    16 |    53 |    87 |   125 |    44 ||   325
       Distracted        |       |     2 |     2 |     1 |     2 ||     7
       Confused          |       |       |       |    20 |     8 ||    28
  Eat: Pizza             |       |     1 |       |     1 |     1 ||     3
       Bread ration      |       |     1 |     1 |     1 |     1 ||     4
       Royal jelly       |       |       |     1 |       |       ||     1
       Fruit             |       |       |     1 |       |       ||     1
